 Dungeon Crawl Stone Soup version 0.29.1-15-g9cfb28693d (webtiles) character file.

Game seed: 11709013326834368371

1035 protoss039 the Digger (level 8, -10/50 (62) HPs)
             Began as a Demonspawn Earth Elementalist on Mar 4, 2023.
             Mangled by an orc warrior
             ... wielding a +1 battleaxe of draining
              (19 damage)
             ... on level 5 of the Dungeon.
             The game lasted 00:06:35 (5388 turns).

protoss039 the Digger (DsEE)                        Turns: 5388, Time: 00:06:36

HP:   -10/50 (62)   AC:  9    Str: 14    XL:     8   Next: 3%
MP:   0/15          EV: 11    Int: 20    God:
Gold: 229           SH:  0    Dex: 19    Spells: 11/17 levels left

rFire   . . .      SeeInvis .   k - +2 hand axe (venom)
rCold   . . .      Faith    .   (no shield)
rNeg    . . .      Spirit   +   g - +0 ring mail
rPois   .          Reflect  .   q - +0 helmet
rElec   .          Harm     .   (no cloak)
rCorr   .          Rampage  .   (no gloves)
Will    .....                   (no boots)
Stlth   ++........              l - amulet of guardian spirit
HPRegen 0.16/turn               v - +6 ring of strength
MPRegen 0.14/turn               y - +6 ring of dexterity

@: heavily drained
A: slimy green scales 2
a: no special abilities


You were on level 5 of the Dungeon.
You visited 1 branch of the dungeon, and saw 5 of its levels.

You collected 229 gold pieces.

Inventory:

Hand Weapons
 k - a +2 hand axe of venom (weapon)
Armour
 g - a +0 ring mail (worn)
 q - a +0 helmet (worn)
Jewellery
 l - an amulet of guardian spirit (around neck)
 v - a +6 ring of strength (left hand)
 w - a ring of fire
 y - a +6 ring of dexterity (right hand)
Scrolls
 c - a scroll of noise {unknown}
 d - a scroll of identify
 e - a scroll of enchant armour {unknown}
 f - a scroll of vulnerability {unknown}
 h - a scroll of summoning {unknown}
 j - a scroll of fear {unknown}
 p - 3 scrolls of enchant weapon {unknown}
 s - 2 scrolls of torment
 u - a scroll of teleportation {unknown}
 x - a scroll of silence {unknown}
Potions
 a - a potion of might {unknown}
 b - 2 potions of magic
 i - 2 potions of attraction
 m - 2 potions of flight
 n - a potion of heal wounds {unknown}
 o - a potion of brilliance {unknown}
 r - a potion of curing {unknown}
 t - 2 potions of lignification {unknown}
 z - a potion of degeneration {unknown}


   Skills:
 + Level 5.1 Fighting
 - Level 1.7 Dodging
 - Level 1.7 Stealth
 + Level 5.2 Spellcasting
 - Level 0.8 Transmutations
 + Level 5.6 Earth Magic


You had 11 spell levels left.
You knew the following spells:

 Your Spells              Type           Power      Damage    Failure   Level
a - Sandblast             Erth           54%        2d13      2%          1
b - Passwall              Tmut/Erth      15%        N/A       10%         2
c - Stone Arrow           Conj/Erth      32%        3d9       22%         3

Your spell library contained the following spells:

 Spells                   Type           Power      Damage    Failure   Level
 Freeze                   Ice            20%        1d4       24%         1
 Petrify                  Tmut/Erth      18%        N/A       52%         4
 Frozen Ramparts          Ice            10%        1d2       56%         3
 Hailstorm                Conj/Ice       5%         3d4       93%         4


Dungeon Overview and Level Annotations

Branches:
Dungeon (5/15) Zot: 24523
 Temple: D:4-7

Altars:
Okawaru
Qazlal

Shops:
D:2 [


Innate Abilities, Weirdness & Mutations

You are mostly covered in slimy green scales. (AC +3)


Message History

Unknown command.
You are too injured to fight recklessly!
Unknown command.
You are too injured to fight recklessly!
Unknown command.
There is a stone staircase leading up, spattered with blood here.
You slash the orc warrior!
The orc warrior is heavily wounded.
The orc warrior hits you with a +1 battleaxe of draining.
You feel drained.
You barely miss the orc warrior.
The orc warrior is heavily wounded.
The orc warrior hits you but does no damage.
You feel drained.
You barely miss the orc warrior.
The orc warrior is heavily wounded.
The orc warrior hits you with a +1 battleaxe of draining!
* * * LOW HITPOINT WARNING * * *
You feel drained.
* * * LOW HITPOINT WARNING * * *
The orc warrior hits you but does no damage.
You feel drained.
You hit the orc warrior but do no damage.
The orc warrior looks even sicker.
The orc warrior is heavily wounded.
The orc warrior barely misses you.
Unknown command.
The orc warrior attacks as you move away!
The orc warrior hits you with a +1 battleaxe of draining.
* * * LOW HITPOINT WARNING * * *
You feel drained.
* * * LOW HITPOINT WARNING * * *
You closely miss the orc warrior.
The orc warrior is almost dead.
The orc warrior closely misses you.
Unknown command.
You completely miss the orc warrior.
The orc warrior is almost dead.
The orc warrior hits you with a +1 battleaxe of draining!!
You die...

#.....##~≈.≈
###...##~._.
#...##~≈.≈
#########....#~~.~
#...........####'#
#<#######.(.......
#.# ####)#.######
#o# ##....#.######
#@# #.......g..#..
#.# #..####.5#.#.#
#.# #..# ##.#####
#.###..####..#
#......##...)#
##.##..##.l..#
#......#.....#
##.##.##5...##
#.##.##....#


You could see an orc warrior (very poisoned).

Vanquished Creatures
  Sigmund (D:4)
  3 ice beasts
  2 ogres (D:5)
  A necrophage (D:4)
  A scorpion (D:5)
  A hound (D:5)
  A gnoll bouda (D:4)
  2 iguanas (D:4)
  4 adders
  4 gnolls (D:4)
  A white imp (D:4)
  An ufetubus (D:4)
  A worm (D:2)
  A dart slug (D:1)
  9 orcs
  10 ball pythons
  6 endoplasms
  3 giant cockroaches
  10 goblins
  11 hobgoblins
  2 jackals (D:1)
  8 quokkas
  2 bats
  2 frilled lizards (D:3)
  9 kobolds
  4 rats
100 creatures vanquished.

Notes
Turn   | Place    | Note
-------+----------+-------------------------------------------
     0 | D:1      | protoss039 the Demonspawn Earth Elementalist began the
                  | quest for the Orb.
     0 | D:1      | Reached XP level 1. HP: 13/13 MP: 3/3
   524 | D:1      | Gained mutation: You are partially covered in slimy green
                  | scales. (AC +2) [demonic ancestry]
   524 | D:1      | Reached XP level 2. HP: 15/20 MP: 5/5
   809 | D:1      | Reached skill level 1 in Fighting
  1148 | D:1      | Reached XP level 3. HP: 25/26 MP: 6/6
  1941 | D:2      | Found Efofaa's Antique Armour Boutique.
  2498 | D:2      | Learned a level 2 spell: Passwall
  2596 | D:3      | Reached XP level 4. HP: 33/33 MP: 8/8
  3073 | D:3      | Found an iron altar of Okawaru.
  3404 | D:3      | Learned a level 3 spell: Stone Arrow
  3557 | D:4      | Reached XP level 5. HP: 23/39 MP: 2/9
  3791 | D:4      | Noticed Sigmund
  3800 | D:4      | Killed Sigmund
  3801 | D:4      | Reached XP level 6. HP: 33/47 MP: 1/11
  3969 | D:4      | Noticed an ice beast
  3989 | D:4      | Killed an ice beast
  4280 | D:4      | Gained mutation: You are mostly covered in slimy green
                  | scales. (AC +3) [demonic ancestry]
  4280 | D:4      | Reached XP level 7. HP: 54/54 MP: 13/13
  4502 | D:5      | Entered Level 5 of the Dungeon
  4670 | D:5      | Reached skill level 5 in Earth Magic
  4958 | D:5      | Reached skill level 5 in Spellcasting
  4983 | D:5      | Found a stormy altar of Qazlal.
  5060 | D:4      | Reached skill level 5 in Fighting
  5231 | D:4      | Reached XP level 8. HP: 43/62 MP: 9/15
  5388 | D:5      | Mangled by an orc warrior

Illustrated notes

Levels and vault maps discovered:
D:1:      dpeg_arrival_arbitrary_b, layout_loops_corners, minmay_tripent
D:2:      layout_basic, serial_shops, nicolae_shop_advertising_works
          [nicolae_subvault_shop_adworks], basic_altar
D:3:      minmay_inner_zag, layout_basic, okawaru_ov_weapons_minmay
D:4:      layout_loops_ring, uniq_sigmund
D:5:      minmay_opposing_rooms, layout_loops_ring, kennysheep_little_box,
          minmay_temple_entry_nine_rooms

Skill      XL: |  1  2  3  4  5  6  7 |
---------------+----------------------+-----
Fighting       | 1 2 3 4 5 |  5.1
Earth Magic    | 3 4 5 |  5.6
Spellcasting   | 3 4 5 |  5.2
Dodging        | |  1.7
Stealth        | |  1.7
Transmutations | |  0.8

Action                   |  1- 3 |  4- 6 |  7- 9 || total
-------------------------+-------+-------+-------++-------
Melee: Dagger            |    74 |       |       ||    74
       Hand axe          |    38 |   105 |    68 ||   211
       Punch             |     1 |       |     1 ||     2
 Cast: Sandblast         |    11 |    17 |    18 ||    46
  Use: Scroll            |       |     2 |     1 ||     3
 Stab: Distracted        |     1 |       |       ||     1
Armor: Robe              |     2 |       |       ||     2
       Ring mail         |    40 |    65 |    44 ||   149
       Skin              |     4 |       |       ||     4
Dodge: Dodged            |    55 |    76 |    57 ||   188
